 Dungeon Sprint DCSS version 0.23.2-33-g5129a83184 (webtiles) character file.

Game seed: 8885782929737031751

1664 Jannitor the Fighter (level 8, -64/74 HPs)
             Began as a Demonspawn Monk on June 30, 2019.
             Was an Initiate of Gozag.
             Killed from afar by Xtahua (90 damage)
             ... with a searing blast
             ... while paralysed by Xtahua
             ... in the Dungeon (Sprint VII: "The Pits").
             The game lasted 00:06:18 (1466 turns).

Jannitor the Fighter (Demonspawn Monk)              Turns: 1466, Time: 00:06:19

Health: -64/74     AC: 16    Str: 13    XL:     8   Next: 69%
Magic:  8/8        EV:  2    Int: 13    God:    Gozag
Gold:   1536       SH:  0    Dex: 23    Spells: 7/7 levels left

rFire    . . .     SeeInvis .     - Unarmed
rCold    + . .     Gourm    .   (no shield)
rNeg     . . .     Faith    .   x - +4 chain mail
rPois    .         Spirit   .   (no helmet)
rElec    .         Reflect  .   (no cloak)
rCorr    .         Harm     .   (no gloves)
MR       .....     Clarity  +   (no boots) Stlth ..........NoTele +
                                (no amulet)
HPRegen  0.22/turn              t - +3 ring of dexterity
MPRegen  0.11/turn              u - +3 ring of dexterity

@: paralysed, gold aura
A: claws 2, talons 1, yellow scales 1, clarity, clever 1, cold resistance 1,
freezing cloud immunity
a: Potion Petition, Call Merchant, Bribe Branch, Renounce Religion


You were in the Dungeon.
You worshipped Gozag.
Gozag was most pleased with you.
You were near starving.

You visited 1 branch You collected 1998 gold pieces.
You paid 462 gold pieces to Gozag.

Inventory:

Hand Weapons
 a - a +0 mace
 j - a +2 mace
 q - a +2 mace of crushing
Armour
 s - a +2 plate armour
 x - a +4 chain mail (worn)
Jewellery
 t - a +3 ring of dexterity (left claw)
 u - a +3 ring of dexterity (right claw)
Scrolls
 i - a scroll of blinking
 l - 3 scrolls of remove curse
 m - 5 scrolls of amnesia
 n - a scroll of summoning
 o - 2 scrolls of vulnerability
Potions
 d - 7 potions of curing
 f - 3 potions of haste
 g - 4 potions of magic
 h - 2 potions of might
 k - 2 potions of invisibility
 p - 5 potions of heal wounds
 v - a potion of agility
 w - a potion of brilliance
Comestibles
 c - 9 rations


   Skills:
 + Level 10.9 Fighting
 - Level 7.8 Maces & Flails
 + Level 6.3 Armour
 - Level 7.8 Dodging
 - Level 1.7 Stealth
 * Level 9.1 Unarmed Combat


You had 7 spell levels left.
You didn't know any spells.
Your spell library was empty.

Dungeon Overview and Level Annotations

Branches:
Dungeon (1/1)

Altars:
Ashenzari
Cheibriados
Dithmenos
Elyvilon
Fedhas
Gozag
Hepliaklqana
Kikubaaqudgha
Makhleb
Nemelex Xobeh
Okawaru
Qazlal
Ru
Sif Muna
Trog
Uskayaw
Vehumet
Wu Jian
Xom
Yredelemnul
Zin
The Shining One
Beogh
Jiyva
Lugonu

Annotations:
D exclusion: 4 doors, Xtahua


Innate Abilities, Weirdness & Mutations

You have very sharp fingernails.
You are partially covered in yellow scales. (AC +2)
Your flesh is cold resistant. (rC+)
You are immune to freezing clouds.
You have sharp toenails.
You possess an exceptional clarity of mind.
Your mind is acute. (Int +2)


Message History

Xtahua bursts through the door, destroying it!
Something hits you. Something hits you but does no damage.
Something hits you but does no damage. Something hits you but does no damage.
Something hits you. Something hits you but does no damage.
Something hits you but does no damage. Xtahua breathes flames at you.
The searing blast hits you!! Something hits you but does no damage.
Xtahua thunders ferociously at you!
You suddenly lose the ability to move!
Something hits you but does no damage. Xtahua breathes flames at you.
The searing blast hits the giant cockroach!!
The giant cockroach dies!
The searing blast hits you!!!!
Ouch! That really hurt!
You die...
Your body crumbles into a pile of gold.

#_________.#
########+.#########
#_______...###########+.######
##########'##................#
#..(.')))'.##......#..#......#
##########.##................+
#...........'....a...........+
#'#####'#####.....D#..#......#
#)#..#.).'.##....$...........#
#.#..#...#.#####@#####''######
#)#..#####.##.......##''### ###
#)#..'...#.##.○.....##....##..+
#)#..'...')##.......##...##...#
#.#..########...<...##..##...#
#.#..'.).).##.......##..#...#
#.#..#.))).##.......##..'..#
#'###########.......##.##..#
#.......#..############ ..'..


You could see Xtahua and a soldier ant.

Vanquished Creatures
  An unseen horror (D)
  A blink frog (D)
  A tarantella (D)
  A floating eye (D)
  An orc warrior (D)
  An ice beast (D)
  A black bear (D)
  2 ogres (D)
  A centaur (D)
  A scorpion (D)
  A crimson imp (D)
  2 orc wizards (D)
  2 oozes (D)
  An adder skeleton (D)
  A worm (D)
  A leopard gecko (D)
  2 orcs (D)
  3 ball pythons (D)
  2 bat skeletons (D)
  A giant cockroach (D)
  A hobgoblin (D)
  2 goblins (D)
  A kobold (D)
  A rat (D)
32 creatures vanquished.

Vanquished Creatures (others)
  A giant cockroach (D)
1 creature vanquished.

Grand Total: 33 creatures vanquished

Notes
Turn   | Place    | Note
-------+----------+-------------------------------------------
     0 | D        | Jannitor the Demonspawn Monk began the quest for the Orb.
     0 | D        | Reached XP level 1. HP: 18/18 MP: 1/1
    11 | D        | Noticed a deep elf mage
   142 | D        | Found a bloodstained altar of Trog.
   142 | D        | Found a deep blue altar of Sif Muna.
   142 | D        | Found a viscous altar of Jiyva.
   142 | D        | Found a hazy altar of Hepliaklqana.
   142 | D        | Found an opulent altar of Gozag.
   143 | D        | Found a glowing golden altar of the Shining One.
   143 | D        | Found a glowing silver altar of Zin.
   143 | D        | Found a basalt altar of Yredelemnul.
   143 | D        | Found a shimmering altar of Xom.
   143 | D        | Found an ornate altar of the Wu Jian Council.
   143 | D        | Found a sacrificial altar of Ru.
   143 | D        | Found a stormy altar of Qazlal.
   143 | D        | Found an iron altar of Okawaru.
   143 | D        | Found a sparkling altar of Nemelex Xobeh.
   143 | D        | Found a burning altar of Makhleb.
   143 | D        | Found a blossoming altar of Fedhas.
   143 | D        | Found a white marble altar of Elyvilon.
   143 | D        | Found a shadowy altar of Dithmenos.
   143 | D        | Found a snail-covered altar of Cheibriados.
   144 | D        | Found a radiant altar of Vehumet.
   144 | D        | Found a corrupted altar of Lugonu.
   144 | D        | Found a roughly hewn altar of Beogh.
   145 | D        | Found a hide-covered altar of Uskayaw.
   145 | D        | Found an ancient bone altar of Kikubaaqudgha.
   145 | D        | Found a shattered altar of Ashenzari.
   151 | D        | Became a worshipper of Gozag Ym Sagoz the Greedy
   220 | D        | Noticed a black bear
   220 | D        | Noticed an orc warrior
   220 | D        | Noticed an ice beast
   231 | D        | Noticed an orc wizard
   234 | D        | Killed an orc warrior
   234 | D        | Reached skill level 5 in Fighting
   234 | D        | Reached skill level 5 in Maces & Flails
   234 | D        | Reached skill level 5 in Dodging
   234 | D        | Gained mutation: You are partially covered in yellow
                  | scales. (AC +2) [demonic ancestry]
   234 | D        | Reached XP level 2. HP: 28/28 MP: 2/2
   234 | D        | Reached XP level 3. HP: 34/34 MP: 3/3
   234 | D        | Reached XP level 4. HP: 40/40 MP: 4/4
   241 | D        | Killed an ice beast
   241 | D        | Reached skill level 7 in Fighting
   241 | D        | Gained mutation: Your flesh is cold resistant. (rC+)
                  | [demonic ancestry]
   241 | D        | Reached XP level 5. HP: 48/48 MP: 5/5
   278 | D        | Killed a black bear
   278 | D        | Reached skill level 8 in Fighting
   278 | D        | Gained mutation: You have sharp fingernails. [demonic
                  | ancestry]
   278 | D        | Reached XP level 6. HP: 39/56 MP: 6/6
   412 | D        | Reached skill level 1 in Unarmed Combat
   498 | D        | Killed an unseen horror
   498 | D        | Reached skill level 10 in Fighting
   498 | D        | Gained mutation: You have very sharp fingernails. [demonic
                  | ancestry]
   498 | D        | Reached XP level 7. HP: 36/66 MP: 7/7
   709 | D        | Noticed a tarantella
   717 | D        | Killed a tarantella
   717 | D        | Gained mutation: You are immune to freezing clouds.
                  | [demonic ancestry]
   717 | D        | Reached XP level 8. HP: 72/72 MP: 8/8
   822 | D        | Reached skill level 5 in Armour
   973 | D        | Noticed a blink frog
   996 | D        | Killed a blink frog
  1308 | D        | Paralysed by a floating eye for 2 turns
  1354 | D        | Gained mutation: Your mind is acute. (Int +2) [potion of
                  | mutation]
  1354 | D        | Gained mutation: You possess an exceptional clarity of
                  | mind. [potion of mutation]
  1354 | D        | Gained mutation: You have sharp toenails. [potion of
                  | mutation]
  1447 | D        | Noticed Xtahua
  1451 | D        | Noticed a nagaraja
  1465 | D        | Paralysed by Xtahua for 7 turns
  1466 | D        | Killed from afar by Xtahua

Skill      XL: |  1  2  3  4  5  6  7  8 |
---------------+-------------------------+-----
Maces & Flails | 5 6 7 |  7.8
Dodging        | 5 6 7 |  7.8
Fighting       | 5 7 8 10 | 10.9
Unarmed Combat | 6 7 9 |  9.1
Armour         | 4 6 |  6.3
Stealth        | |  1.7

Action                   |  1- 3 |  4- 6 |  7- 9 || total
-------------------------+-------+-------+-------++-------
Melee: Mace              |     8 |    70 |       ||    78
       Unarmed           |       |       |    43 ||    43
       Kick              |       |       |     1 ||     1
       Punch             |       |       |     1 ||     1
Invok: Potion Petition   |       |     1 |     1 ||     2
  Use: Potion            |     1 |     2 |     2 ||     5
Armor: Robe              |     1 |    14 |       ||    15
       Chain mail        |       |    25 |    27 ||    52
Dodge: Dodged            |    10 |    46 |    11 ||    67
